[Event "Early-Titled-Tuesday-Blitz-April-23-2024"]
[Site "Chess.com"]
[Date "2024.04.23"]
[Round "8"]
[White "Baku_Boulevard"]
[Black "Mops_2004"]
[Result "1-0"]
[WhiteElo "3041"]
[BlackElo "2892"]
[TimeControl "180+1"]
[EndTime "9:31:24 PDT"]
[Termination "Baku_Boulevard won by resignation"]

1. e4 g6 2. d4 Bg7 3. Nf3 d6 4. Nc3 a6 5. a4 Nc6 6. h3 Nf6 7. Bc4 Nxe4 8. Bxf7+ Kxf7 9. Nxe4 d5 10. Nc5 h6 11. O-O Qd6 12. Nd3 Nxd4 13. Nxd4 Bxd4 14. Re1 Bf6 15. Bf4 Qd8 16. Ne5+ Kg7 17. g4 c6 18.
Qd3 Qe8 19. Re2 g5 20. Bg3 h5 21. Rae1 hxg4 22. hxg4 Rh6 23. Qf3 a5 24. b3 b6 25.
Nxc6 e6 26. Ne5 Ba6 27. c4 Rc8 28. Rd2 dxc4 29. Rd7+ Kg8 30. Ra7 Ra8 31. Rxa8 1-0

[Event "Early-Titled-Tuesday-Blitz-April-23-2024"]
[Site "Chess.com"]
[Date "2024.04.23"]
[Round "8"]
[White "abelmat"]
[Black "kiwibobo"]
[Result "0-1"]
[WhiteElo "2064"]
[BlackElo "2311"]
[TimeControl "180+1"]
[EndTime "9:31:24 PDT"]
[Termination "kiwibobo won on time"]

1. d4 Nf6 2. c4 g6 3. Nc3 d5 4.
Nf3 Bg7 5. g3 O-O 6. Bg2 c6 7.
cxd5 cxd5 8. O-O Ne4 9. Ne5 Bf5 10. Bf4 Nxc3 11. bxc3 Nc6 12. Nxc6 bxc6 13. Qa4 e6 14. h4 Qb6 15. Bd6 Rfc8 16. Bc5 Qb2 17. e3 Qxc3 18. Rfc1 Qb2 19. Bf1 Be4 20. Ba3 Qb7 21. Ba6 Qd7 22. Bxc8 Rxc8 23. Bc5 e5 24. f3 Bxf3 25. Rf1 Qg4 26. Kh2 Be4 27.
Rf2 Bf5 28. Rxf5 Qxf5 29. Rg1 Qf2+ 30. Rg2 Qxe3 31. Qxa7 exd4 32. Qd7 Qe6 33. Qa7 d3 34. Rd2 Bc3 0-1

[Event "Early-Titled-Tuesday-Blitz-April-23-2024"]
[Site "Chess.com"]
[Date "2024.04.23"]
[Round "8"]
[White "praveenb2002"]
[Black "ChessSwole"]
[Result "1-0"]
[WhiteElo "2886"]
[BlackElo "2709"]
[TimeControl "180+1"]
[EndTime "9:31:27 PDT"]
[Termination "praveenb2002 won by checkmate"]

1. c4 Nf6 2. Nc3 g6 3. g3 Bg7 4. Bg2 O-O 5. d4 d6 6. Nf3 Nbd7 7. O-O e5 8. h3 exd4 9. Nxd4 Re8 10. e4 Nc5 11.
Re1 Bd7 12. Rb1 h6 13. b3 a5 14. Bf4 g5 15. Bc1 c6 16. Kh2 Qb6 17. Bb2 a4 18. Ba1 axb3 19. axb3 Qb4 20. Nc2 Qb6 21. Qxd6 Re6 22.
Qd1 Rd8 23. b4 Na6 24. c5 Qc7 25. Qe2 Bc8 26. Rbd1 Rde8 27. Qc4 R6e7 28. Rd6 Be6 29. Qd3 Nd7 30. f4 h5 31. e5 h4 32.
Ne4 hxg3+ 33. Qxg3 gxf4 34. Qxf4 Nf8 35. Nf6+ Bxf6 36. exf6 Ng6 37. Qh6 Rd7 38. Qg7# 1-0

[Event "Early-Titled-Tuesday-Blitz-April-23-2024"]
[Site "Chess.com"]
[Date "2024.04.23"]
[Round "8"]
[White "Kimkibo"]
[Black "Kazmin_Semyon"]
[Result "1-0"]
[WhiteElo "2441"]
[BlackElo "2555"]
[TimeControl "180+1"]
[EndTime "9:31:27 PDT"]
[Termination "Kimkibo won by checkmate"]

1. d4 Nf6 2. Nf3 d5 3. Bf4 c5 4. e3 Nc6 5. Nbd2 Qb6 6. dxc5 Qxb2 7. Rb1 Qc3 8. Bb5 Bd7 9. O-O e6 10. Bd3 Na5 11. e4 Bxc5 12. exd5 Nxd5 13. Ne4 Qa3 14. Bc1 Qxa2 15. Rb2 Qa1 16. Nxc5 Bc6 17. Nb3 Nxb3 18.
Rxb3 O-O-O 19. Qe2 Qa4 20. Ne5 Rhf8 21. Ba3 Nf4 22. Qg4 Rd4 23. Nxc6 Nxd3 24. Qxd4 Qxd4 25. Nxd4 Rd8 26. cxd3 e5 27. Rc1+ Kb8 28. Nf5 Ka8 29. Be7 Re8 30. Nd6 Rb8 31. Rc8 a5 32. Rxb8+ Ka7 33.
R3xb7+ Ka6 34. Rb6+ Ka7 35. R8b7+ Ka8 36. Nb5 a4 37.
Nc7# 1-0

[Event "Early-Titled-Tuesday-Blitz-April-23-2024"]
[Site "Chess.com"]
[Date "2024.04.23"]
[Round "8"]
[White "theoneandonlydaaevik"]
[Black "jumpingknight20"]
[Result "0-1"]
[WhiteElo "2590"]
[BlackElo "2748"]
[TimeControl "180+1"]
[EndTime "9:31:28 PDT"]
[Termination "jumpingknight20 won by resignation"]

1. d4 g6 2. e4 Bg7 3. Nf3 d6 4. c3 Nd7 5. Bd3 e5 6. Bg5 Ne7 7. Nbd2 h6 8. Bh4 g5 9. Bg3 Ng6 10. d5 g4 11. Ng1 h5 12. h4 Bf6 13. Nc4 Nxh4 14. Bxh4 Bxh4 15. Ne3 Nf8 16. Nf5 Bxf5 17. exf5 g3 18. Nf3 gxf2+ 19. Kf1 Bg3 20. Qa4+ Nd7 21. Rh3 h4 22. Ke2 Kf8 23. b4 e4 24. Bxe4 Qe7 25.
Kd3 Re8 26. Nd2 Bf4 27. f6 Nxf6 28. Bf5 Qe2+ 0-1

[Event "Early-Titled-Tuesday-Blitz-April-23-2024"]
[Site "Chess.com"]
[Date "2024.04.23"]
[Round "8"]
[White "Barath1308"]
[Black "BashirovKemal"]
[Result "1-0"]
[WhiteElo "2552"]
[BlackElo "2709"]
[TimeControl "180+1"]
[EndTime "9:31:28 PDT"]
[Termination "Barath1308 won on time"]

1. b3 e6 2. Bb2 Nf6 3. Nf3 d5 4. e3 Be7 5. c4 O-O 6. d4 b6 7. Nbd2 Bb7 8. Bd3 Nbd7 9. O-O c5 10. Ne5 Rc8 11. f4 dxc4 12. bxc4 cxd4 13. exd4 Nb8 14. Qe2 Nc6 15. Ndf3 Nd7 16. Rad1 Bd6 17. Bb1 Nf6 18. a3 Ne7 19. Ng5 h6 20. Ngf3 Nf5 21. d5 Bc5+ 22.
Kh1 Ne3 23. dxe6 Nxd1 24. Rxd1 Qe7 25. exf7+ Rxf7 26. Nh4 Rd8 27. Rxd8+ Qxd8 28. Nxf7 Kxf7 29. Nf5 Qd7 30. Bxf6 1-0

[Event "Early-Titled-Tuesday-Blitz-April-23-2024"]
[Site "Chess.com"]
[Date "2024.04.23"]
[Round "8"]
[White "Heinza9"]
[Black "aljado"]
[Result "1-0"]
[WhiteElo "2320"]
[BlackElo "2155"]
[TimeControl "180+1"]
[EndTime "9:31:29 PDT"]
[Termination "Heinza9 won by resignation"]

1. e4 c5 2. Nf3 e6 3. b3 Nc6 4. Bb2 Nf6 5. e5 Nd5 6. c4 Nc7 7. d4 cxd4 8. Nxd4 Be7 9. Nxc6 bxc6 10. Bd3 f5 11. O-O O-O 12. Nd2 Bb7 13. Qe2 Na6 14. a3 Nb8 15. Rad1 c5 16. Bc2 Nc6 17. Nf3 Qc7 18. Rd2 a5 19. Rfd1 Rfd8 20. Qd3 a4 21.
bxa4 Na5 22. Bc3 Ba6 23. Bxa5 Qxa5 24. Rb1 h6 25. h3 Qc7 26. Rdd1 Bb7 27. Rb2 Bc6 28.
Rdb1 Bxf3 29. Qxf3 Qxe5 30. Rb7 Rab8 31. a5 Bd6 32. g3 Rxb7 33. Rxb7 Qa1+ 34. Kg2 Qc1 35. Bb3 Qxa3 36. Rb5 e5 37. Qd5+ Kh7 38. Qxd6 f4 39.
Qxe5 fxg3 40. Qxg3 Rf8 41. Bc2+ Kh8 42. Qxa3 1-0

[Event "Early-Titled-Tuesday-Blitz-April-23-2024"]
[Site "Chess.com"]
[Date "2024.04.23"]
[Round "8"]
[White "bubeliang"]
[Black "DumbKing75"]
[Result "1-0"]
[WhiteElo "2788"]
[BlackElo "2641"]
[TimeControl "180+1"]
[EndTime "9:31:30 PDT"]
[Termination "bubeliang won by resignation"]

1. e4 c5 2. c3 d5 3. exd5 Qxd5 4. d4 g6 5. Nf3 Bg7 6. Nbd2 cxd4 7.
Bc4 Qd8 8. Nxd4 e5 9. N4f3 Nc6 10. Qe2 Nge7 11. h4 Bg4 12. Bxf7+ Kf8 13. Bb3 Nd5 14.
Ne4 Nf4 15. Bxf4 exf4 16. Qc4 Qe7 17. O-O-O Na5 18. Qc5 Nxb3+ 19. axb3 Re8 20. Nd6 Bxf3 21. gxf3 Be5 22. Nxb7 Qxc5 23. Nxc5 Re7 24. Rd8+ Kf7 25. Rxh8 Bxh8 26. Ne4 Bf6 27. h5 g5 28. Kc2 h6 29. b4 Be5 30. b5 Ke6 31. c4 Kf5 32. Rg1 Rd7 33. c5 Rd4 34. c6 Rb4 35. Rd1 Rxb2+ 36.
Kd3 Rxb5 37. Kc4 Rb2 38. Rc1 Rb8 39. Nc5 Rc8 40. Kd5 Rd8+ 41. Nd7 Rc8 42. Nxe5 1-0

[Event "Early-Titled-Tuesday-Blitz-April-23-2024"]
[Site "Chess.com"]
[Date "2024.04.23"]
[Round "8"]
[White "Naruna_Chan"]
[Black "Balla_Tamas"]
[Result "0-1"]
[WhiteElo "2331"]
[BlackElo "2534"]
[TimeControl "180+1"]
[EndTime "9:31:30 PDT"]
[Termination "Balla_Tamas won by resignation"]

1. e4 c5 2. Nf3 Nc6 3. d4 cxd4 4. Nxd4 e5 5. Nb5 d6 6. N1c3 a6 7. Na3 b5 8. Nd5 Nge7 9. Bg5 h6 10. Bxe7 Bxe7 11.
c4 O-O 12. cxb5 Nd4 13. bxa6 Be6 14. Bc4 Bxd5 15. Bxd5 Rxa6 16. O-O Qb8 17. Nc4 Kh8 18. f4 f5 19. fxe5 dxe5 20. exf5 Nxf5 21. Qg4 Bc5+ 22. Kh1 Raf6 23. Rfe1 Bd4 24. Be4 Qb4 25. Rac1 Nd6 26. Qe2 Nxe4 27. Qxe4 Qxc4 28. h3 Qxa2 29. Re2 Qb3 30.
Rce1 Rf1+ 31. Kh2 Bg1+ 0-1

[Event "Early-Titled-Tuesday-Blitz-April-23-2024"]
[Site "Chess.com"]
[Date "2024.04.23"]
[Round "8"]
[White "AnishOnYoutube"]
[Black "platy3"]
[Result "0-1"]
[WhiteElo "3054"]
[BlackElo "2910"]
[TimeControl "180+1"]
[EndTime "9:31:32 PDT"]
[Termination "platy3 won on time"]

1. Nf3 Nf6 2. c4 e6 3. Nc3 d5 4. d4 dxc4 5. e4 b5 6. e5 Nfd7 7. Nxb5 Nb6 8. Be2 Nc6 9. Be3 Be7 10. O-O O-O 11. Nc3 Rb8 12. a3 Na5 13. Qc2 Bd7 14. Rad1 Bc6 15. Nd2 Qd7 16. Nde4 Ba4 17. Nxa4 Qxa4 18.
Rd2 Qxc2 19. Rxc2 Na4 20. Bc1 Rfd8 21. Rd1 Rd7 22. f3 c5 23. dxc5 Rxd1+ 24. Bxd1 Nxc5 25. Nxc5 Bxc5+ 26. Kf1 Bd4 27. f4 c3 28. bxc3 Bc5 29. Be2 Rb1 30. Bd1 Nb3 31. Rb2 Rxc1 32. Ke2 Na5 33.
Rb8+ Bf8 0-1

[Event "Early-Titled-Tuesday-Blitz-April-23-2024"]
[Site "Chess.com"]
[Date "2024.04.23"]
[Round "8"]
[White "TokChess"]
[Black "eagleclaw07"]
[Result "0-1"]
[WhiteElo "2615"]
[BlackElo "2864"]
[TimeControl "180+1"]
[EndTime "9:31:33 PDT"]
[Termination "eagleclaw07 won by resignation"]

1. c4 c6 2. d4 d5 3. e3 Nf6 4. Nc3 e6 5. Nf3 Nbd7 6. Qc2 Bd6 7. Bd2 O-O 8. g4 Nxg4 9. Rg1 Ngf6 10. O-O-O dxc4 11. Bxc4 b5 12. Bd3 b4 13. Ne4 Nxe4 14. Bxe4 Nf6 15.
Bd3 Bb7 16. Ng5 h6 17. Nh7 Nxh7 18. Bxh7+ Kh8 19. Be4 Rc8 20. Kb1 Ba6 21. Rc1 c5 22.
Qa4 Qb6 23. dxc5 Bxc5 24. Rxc5 Qxc5 25. Qxa6 Rfd8 26. Qe2 Qc4 27. Qg4 g6 28. Bc1 Rd5 29. b3 Qc5 30. Bb2+ Kg8 31. Qh4 Rg5 32. Rxg5 Qxg5 33.
Qxg5 hxg5 34. Bd4 f5 35. Bd3 a5 36. Bc4 Kf7 37. Bb6 Rh8 38. Kc2 Rxh2 39. e4 f4 40. e5 g4 41. Kd3 g3 42. fxg3 fxg3 43. Ke3 Rxa2 44. Kf3 g2 45. Kg3 a4 46. bxa4 b3 47. Bxb3 Ra3 48. a5 Rxb3+ 49. Kxg2 Ra3 50. Kf2 g5 51. Kg2 Kg6 52. Kf2 Kf5 53. Kg2 Kxe5 54. Kf2 Kf5 0-1

[Event "Early-Titled-Tuesday-Blitz-April-23-2024"]
[Site "Chess.com"]
[Date "2024.04.23"]
[Round "8"]
[White "SharapovEvgeny"]
[Black "dvglko"]
[Result "1-0"]
[WhiteElo "2625"]
[BlackElo "2436"]
[TimeControl "180+1"]
[EndTime "9:31:33 PDT"]
[Termination "SharapovEvgeny won by checkmate"]

1. e4 c6 2. d4 d5 3. e5 Bf5 4. Be3 e6 5. c4 Bxb1 6. Rxb1 dxc4 7. Bxc4 Bb4+ 8. Ke2 Nd7 9. Nf3 Nb6 10. Bd3 Nd5 11. Qc2 h6 12. Rhd1 Ba5 13. a3 Bb6 14. Kf1 Nge7 15. Kg1 g6 16. Qd2 Nf5 17. Bxf5 gxf5 18. Bxh6 Rg8 19. Bg5 Qd7 20. h4 c5 21. dxc5 Bxc5 22. Rbc1 Be7 23. Nd4 Bxg5 24. hxg5 f4 25. Nf5 Rxg5 26. Nd6+ Ke7 27. Ne4 Rxe5 28. Nc3 Rd8 29.
Qd4 Nxc3 30. Qb4+ Kf6 31. Rxd7 Ne2+ 32. Kf1 Rxd7 33. Re1 Nd4 34. Rxe5 Kxe5 35. Qc5+ Rd5 36. Qc7+ Ke4 37. f3+ Ke3 38. Qc3# 1-0

[Event "Early-Titled-Tuesday-Blitz-April-23-2024"]
[Site "Chess.com"]
[Date "2024.04.23"]
[Round "8"]
[White "JaackCamel"]
[Black "Roedor"]
[Result "1-0"]
[WhiteElo "2200"]
[BlackElo "2340"]
[TimeControl "180+1"]
[EndTime "9:31:34 PDT"]
[Termination "JaackCamel won on time"]

1. d4 Nf6 2. c4 g6 3. Nc3 Bg7 4. e4 d6 5. Nf3 O-O 6. Be2 e5 7. Be3 Nc6 8. d5 Ne7 9. Nd2 Ne8 10. b4 a5 11. a3 f5 12. f3 Kh8 13. c5 Ng8 14.
Nc4 Bh6 15. Bf2 Qg5 16. g3 Ngf6 17. cxd6 cxd6 18. Nb5 fxe4 19. Be3 Qh5 20. fxe4 Bg4 21. Bxg4 Nxg4 22. Bxh6 Qxh6 23. Qxg4 axb4 24. Rf1 Rxf1+ 25. Kxf1 bxa3 26. Kg2 a2 27. Qe2 Nf6 28. Nbxd6 Qf8 29.
Rxa2 Rxa2 30. Qxa2 b5 31. Nxe5 Kg7 32. Qa7+ Kh6 33. Ndf7+ Kh5 34. Qf2 Qa3 35. Qf3+ 1-0

[Event "Early-Titled-Tuesday-Blitz-April-23-2024"]
[Site "Chess.com"]
[Date "2024.04.23"]
[Round "8"]
[White "WilsonPalencia21"]
[Black "ljuks68"]
[Result "1-0"]
[WhiteElo "2544"]
[BlackElo "2377"]
[TimeControl "180+1"]
[EndTime "9:31:35 PDT"]
[Termination "WilsonPalencia21 won on time"]

1. d4 d5 2. Nf3 Nf6 3. c4 c6 4.
Nc3 dxc4 5. a4 Bf5 6. Ne5 Na6 7. e3 Nb4 8. Bxc4 e6 9. O-O Bd6 10. Qe2 h6 11. e4 Bh7 12. f4 O-O 13. Kh1 c5 14.
dxc5 Bxc5 15. Nxf7 Rxf7 16. Bxe6 Qe7 17. Qc4 b6 18. f5 Nd7 19. Nd5 Nxd5 20. Qxd5 Rd8 21. e5 Kh8 22. Bxf7 Nxe5 23. Qe6 Nxf7 24. Qxe7 Bxe7 25. Be3 Bf6 26. Rad1 Rxd1 27. Rxd1 Bxf5 28. Bd4 Bc2 29. Rd2 Bxa4 30. Bxf6 gxf6 31. Rd4 1-0

[Event "Early-Titled-Tuesday-Blitz-April-23-2024"]
[Site "Chess.com"]
[Date "2024.04.23"]
[Round "8"]
[White "Acva-Alenok"]
[Black "rdarruda"]
[Result "0-1"]
[WhiteElo "2361"]
[BlackElo "2530"]
[TimeControl "180+1"]
[EndTime "9:31:35 PDT"]
[Termination "rdarruda won by resignation"]

1. d4 Nf6 2. c4 e5 3. dxe5 Ne4 4. Nf3 Nc6 5. Nbd2 Nc5 6. b3 Qe7 7. Bb2 d6 8. a3 a5 9. b4 axb4 10. axb4 Rxa1 11. Qxa1 Nxb4 12. Qa8 Kd8 13. g3 dxe5 14. Bh3 Nd7 15. Nxe5 Nb6 16. Qb8 Na6 17. Qa7 Bxh3 18. Qxb7 Bc8 19. Nc6+ Ke8 20. Qxc8+ Nxc8 21. Nxe7 Bxe7 22.
Bxg7 Rg8 23. Bc3 Bb4 24. Bxb4 Nxb4 25. O-O Ke7 26. Rb1 Nc6 27. Rb7 Kd8 28. Ne4 Re8 29. f3 Re5 30. Kf2 h6 31. Rb2 Ra5 32. Rd2+ Ke7 33.
f4 Nd6 34. Nxd6 cxd6 35. Rb2 Rc5 36. Rc2 Na5 37. Rb2 Rxc4 38. Rb7+ Nxb7 0-1

[Event "Early-Titled-Tuesday-Blitz-April-23-2024"]
[Site "Chess.com"]
[Date "2024.04.23"]
[Round "8"]
[White "masnyszachistaaa"]
[Black "joshdaruca"]
[Result "0-1"]
[WhiteElo "2578"]
[BlackElo "2752"]
[TimeControl "180+1"]
[EndTime "9:31:38 PDT"]
[Termination "joshdaruca won by resignation"]

1. c4 c5 2. Nc3 Nc6 3. g3 g6 4. Bg2 Bg7 5. d3 e6 6. e4 Nge7 7. Nge2 d6 8. Be3 Nd4 9. Bxd4 cxd4 10. Nb5 Qb6 11. Rb1 Bd7 12. Na3 O-O 13. b4 a5 14.
b5 e5 15. O-O Nc8 16. f4 f5 17. Qb3 Be6 18. exf5 gxf5 19. Kh1 Rf7 20. Rbe1 Qc5 21.
Nc2 Nb6 22. fxe5 dxe5 23. Nexd4 Bxc4 24. dxc4 exd4 25. Bd5 Nxd5 26. cxd5 a4 27. Qd3 Qxd5+ 28. Kg1 Rd8 29. Rf4 Qxa2 30. Rxf5 Rxf5 31. Qxf5 d3 32. Ne3 d2 33. Rd1 Qb3 34. Qg5 Rd7 35. Kf2 a3 36.
Qf5 Rf7 0-1

[Event "Early-Titled-Tuesday-Blitz-April-23-2024"]
[Site "Chess.com"]
[Date "2024.04.23"]
[Round "8"]
[White "aanshnerurkar"]
[Black "campochess"]
[Result "1-0"]
[WhiteElo "2352"]
[BlackElo "2149"]
[TimeControl "180+1"]
[EndTime "9:31:38 PDT"]
[Termination "aanshnerurkar won by resignation"]

1. e4 c5 2. Nf3 Nc6 3. Bb5 e5 4. O-O Bd6 5. c3 Nge7 6. d4 cxd4 7. cxd4 exd4 8. Nxd4 Qc7 9. Nf3 O-O 10. Nc3 Bf4 11. Bxf4 Qxf4 12. Qd2 Qxd2 13. Nxd2 Nd4 14. Bd3 d6 15. Nc4 Rd8 16. Rad1 Be6 17. Ne3 Rac8 18. f4 f5 19. Bb1 Rxc3 20. bxc3 Ne2+ 21. Kh1 Nxc3 22. Rde1 Nxb1 23. Rxb1 b6 24. exf5 Nxf5 25. Nxf5 Bxf5 26. Rbc1 Be4 27. Kg1 d5 28. Rc7 a5 29.
g3 b5 30. Kf2 Ra8 31. Rfc1 b4 32. Rc8+ Rxc8 33. Rxc8+ Kf7 34. Ra8 d4 35. Rxa5 Bc2 36.
Rb5 Bb1 37. a3 1-0

[Event "Early-Titled-Tuesday-Blitz-April-23-2024"]
[Site "Chess.com"]
[Date "2024.04.23"]
[Round "8"]
[White "FaustinoOro"]
[Black "djano"]
[Result "1-0"]
[WhiteElo "2895"]
[BlackElo "2616"]
[TimeControl "180+1"]
[EndTime "9:31:39 PDT"]
[Termination "FaustinoOro won on time"]

1. e4 c5 2. Nf3 g6 3. d4 cxd4 4.
Qxd4 Nf6 5. Nc3 Nc6 6. Qa4 d6 7. e5 dxe5 8. Nxe5 Bd7 9. Nxd7 Nxd7 10. Be3 Bg7 11. Be2 O-O 12. O-O e5 13. Rad1 Nd4 14. Bxd4 exd4 15. Nb5 Nb6 16. Qb4 Nd5 17. Qd2 Re8 18. Bc4 Rc8 19. Bb3 Qb6 20. Nxd4 Rcd8 21. c3 h5 22. h3 Qf6 23. Qd3 Nf4 24. Qf3 Re5 25. Kh2 Rde8 26. g3 Ne2 27. Qxf6 Bxf6 28.
Nf3 Rf5 29. Kg2 Re7 30. Rd2 g5 31. Bd1 g4 32. hxg4 hxg4 33. Nh2 Nc1 34. Bxg4 1-0

[Event "Early-Titled-Tuesday-Blitz-April-23-2024"]
[Site "Chess.com"]
[Date "2024.04.23"]
[Round "8"]
[White "Doublekk14"]
[Black "ragnaroek66"]
[Result "1-0"]
[WhiteElo "2386"]
[BlackElo "2519"]
[TimeControl "180+1"]
[EndTime "9:31:39 PDT"]
[Termination "Doublekk14 won by checkmate"]

1. c4 e6 2. e4 d5 3. exd5 exd5 4. d4 Bb4+ 5. Nc3 Nf6 6. Nf3 O-O 7. Be2 dxc4 8. O-O Be6 9. Ng5 Bd5 10. Nxd5 Qxd5 11.
Bf3 Qb5 12. a4 Qa6 13. Bf4 c6 14. Rc1 h6 15. Ne4 Nbd7 16. Nd6 Nd5 17. Bg3 Bxd6 18. Bxd6 Rfe8 19. Qc2 Re6 20. Bg3 N7b6 21. Ra1 Nb4 22. Qf5 Rf6 23. Qg4 Rg6 24. Qf5 Re8 25.
Rfe1 Rge6 26. Rxe6 Rxe6 27. Be4 g6 28. Qf4 Qa5 29. Qb8+ Kh7 30. Be5 Rxe5 31. dxe5 N4d5 32. Qf8 Qd2 33. Qxf7+ Kh8 34. Bxg6 Ne7 35. Qh7# 1-0

[Event "Early-Titled-Tuesday-Blitz-April-23-2024"]
[Site "Chess.com"]
[Date "2024.04.23"]
[Round "8"]
[White "toninhojit"]
[Black "luckyswitchback"]
[Result "0-1"]
[WhiteElo "2551"]
[BlackElo "2724"]
[TimeControl "180+1"]
[EndTime "9:31:42 PDT"]
[Termination "luckyswitchback won on time"]

1. d4 d5 2. c4 e6 3. Nf3 Nf6 4. Nc3 Bb4 5. Bg5 Nbd7 6. cxd5 exd5 7. e3 c5 8. Bd3 c4 9. Bc2 Qa5 10. Bxf6 Bxc3+ 11. bxc3 Qxc3+ 12. Ke2 Nxf6 13. Ne5 O-O 14. f3 Re8 15. Qd2 Qa3 16. Rab1 b6 17. Qb4 Qxa2 18. Rhc1 Qa6 19. Ba4 Bf5 20. Ra1 Rf8 21. Bc6 Qc8 22. Bxa8 Qxa8 23. g4 Be6 24. Qe7 a5 25. Rcb1 Qa6 26.
Qd6 c3+ 27. Kd1 Qf1+ 28. Kc2 Qe2+ 29. Kxc3 Qxe3+ 30. Kb2 Qxd4+ 31. Ka3 Qc3+ 32. Ka2 d4+ 0-1

[Event "Early-Titled-Tuesday-Blitz-April-23-2024"]
[Site "Chess.com"]
[Date "2024.04.23"]
[Round "8"]
[White "MatthewG-p4p"]
[Black "Rodalquilar"]
[Result "1-0"]
[WhiteElo "2902"]
[BlackElo "2729"]
[TimeControl "180+1"]
[EndTime "9:31:43 PDT"]
[Termination "MatthewG-p4p won by resignation"]

1. e4 d5 2. exd5 Qxd5 3. Nc3 Qa5 4. d4 Nf6 5. Nf3 Bf5 6. Ne5 c6 7. g4 Be6 8. Nc4 Qd8 9. g5 Nd5 10. Ne4 Nd7 11. c3 g6 12. Qf3 Bg7 13. Bd3 Qc7 14. Qg3 Rc8 15. O-O c5 16. dxc5 Nxc5 17. Nxc5 Qxc5 18. Ne3 Nb6 19. Nc2 Nc4 20. Re1 O-O 21.
Nd4 Bxd4 22. cxd4 Qxd4 23. Bf4 Nxb2 24. Be4 Rc3 25. Re3 Nd1 26. Be5 Qxe4 27. Rxe4 Rxg3+ 28. hxg3 Rd8 29. Rd4 Rxd4 30. Bxd4 Bg4 31. Rc1 b6 32. f3 1-0

[Event "Early-Titled-Tuesday-Blitz-April-23-2024"]
[Site "Chess.com"]
[Date "2024.04.23"]
[Round "8"]
[White "Stanbad1"]
[Black "Artemiki"]
[Result "1-0"]
[WhiteElo "2645"]
[BlackElo "2467"]
[TimeControl "180+1"]
[EndTime "9:31:43 PDT"]
[Termination "Stanbad1 won on time"]

1. d4 Nf6 2. Nc3 d5 3. Bf4 e6 4. Nb5 Na6 5. e3 c6 6. Nc3 Nc7 7. Nf3 Bd6 8. Ne5 O-O 9. Qf3 c5 10. Be2 c4 11. Qg3 Nce8 12. h4 b5 13. h5 b4 14. Nd1 Ne4 15. Qg4 f6 16. Ng6 e5 17.
Qh4 exf4 18. Nxf8 Bxf8 19. exf4 N8d6 20. g4 Nf7 21. Ne3 c3 22. bxc3 Nxc3 23. Bd3 Bd6 24. h6 g6 25. f5 g5 26. Qh3 Bf4 27. Qf3 Bxe3 28. Qxe3 Bd7 29. O-O Qb6 30. a3 Re8 31. Qf3 Qxd4 32. axb4 Ne5 33. Qg3 Nxd3 34. Qxd3 Qxg4+ 35.
Kh2 Qh5+ 36. Qh3 Qxh3+ 37. Kxh3 Bxf5+ 38. Kg3 Ne2+ 39. Kg2 Nf4+ 40. Kf3 Be4+ 41. Kg4 Bxc2 42. Rxa7 Be4 43. Rg7+ Kh8 44. Rf7 Bg6 45. Rxf6 Nd3 46. Kxg5 Nxb4 47. f4 Nd3 48. f5 Bxf5 49. R1xf5 Rg8+ 50. Kh5 d4 51. Rf8 Ne1 52. Rxg8+ Kxg8 53. Rd5 Nf3 54. Kg4 Nh2+ 55. Kf5 Nf3 56. Kf6 1-0

[Event "Early-Titled-Tuesday-Blitz-April-23-2024"]
[Site "Chess.com"]
[Date "2024.04.23"]
[Round "8"]
[White "Sam_ChessMood"]
[Black "DenLaz"]
[Result "1-0"]
[WhiteElo "2985"]
[BlackElo "3104"]
[TimeControl "180+1"]
[EndTime "9:31:44 PDT"]
[Termination "Sam_ChessMood won by checkmate"]

1. d4 f5 2. Bg5 h6 3. Bh4 g5 4.
Bg3 Bg7 5. e3 c5 6. c3 Qb6 7.
Nd2 Nf6 8. Nc4 Qe6 9. Be2 cxd4 10. cxd4 O-O 11. Rc1 Nc6 12. Nf3 d6 13. h4 g4 14. Ng1 Qf7 15. Bd3 Nh5 16. Ne2 Nxg3 17. fxg3 d5 18. Nd2 e5 19. Nb3 exd4 20. Nbxd4 Qe7 21.
Qd2 Nxd4 22. exd4 Bxd4 23. Qxh6 Bxb2 24. Rc2 Bg7 25. Qd2 Bd7 26. O-O Rac8 27. Nf4 Qd6 28.
Kh2 d4 29. Re1 Rce8 30. Rcc1 Be5 31. Rf1 Bc6 32. Rce1 b5 33. Nh5 Bd7 34. Qg5+ Kh8 35. Rxe5 Rxe5 36. Qg7# 1-0

[Event "Early-Titled-Tuesday-Blitz-April-23-2024"]
[Site "Chess.com"]
[Date "2024.04.23"]
[Round "8"]
[White "samidescalona2002"]
[Black "Veleamater"]
[Result "1-0"]
[WhiteElo "2718"]
[BlackElo "2445"]
[TimeControl "180+1"]
[EndTime "9:31:44 PDT"]
[Termination "samidescalona2002 won by resignation"]

1. e4 d6 2. d4 g6 3. Nf3 Bg7 4. Be2 Nf6 5. Nc3 O-O 6. a4 Nc6 7. d5 Ne5 8. Nxe5 dxe5 9. Bg5 Ne8 10. O-O h6 11. Be3 Nd6 12. Qd2 Kh7 13. f3 f5 14. Nb5 a6 15. Nxd6 exd6 16. c4 Bd7 17. a5 Rg8 18. c5 f4 19. Bf2 g5 20. cxd6 cxd6 21. Rac1 h5 22. Qb4 Bf8 23. Qb6 Qe8 24. Rc7 Rg7 25. Rfc1 g4 26. Bh4 Qg6 27. Qxb7 gxf3 28. Bxf3 Bg4 29. Rxg7+ Bxg7 30. Kf2 Rf8 31. h3 Rf7 32. Qb3 Bd7 33. Kf1 Bf8 34. Bf2 Rg7 35. Kg1 Bxh3 36. Kh2 Bxg2 37. Rg1 Qf7 38. Rxg2 Rxg2+ 39. Bxg2 h4 40. Bf3 h3 41. Qd3 Bh6 42.
Qf1 Qb7 43. Qxh3 Qxb2 44. Qf5+ Kg7 45. Kg2 Qb5 46. Bh5 Qb7 47. Qg6+ Kh8 48. Qxh6+ Qh7 49. Qxh7+ Kxh7 50. Be8 1-0

[Event "Early-Titled-Tuesday-Blitz-April-23-2024"]
[Site "Chess.com"]
[Date "2024.04.23"]
[Round "8"]
[White "chess123456s"]
[Black "KetiTsatsalashvili"]
[Result "1-0"]
[WhiteElo "2599"]
[BlackElo "2425"]
[TimeControl "180+1"]
[EndTime "9:31:44 PDT"]
[Termination "chess123456s won on time"]

1. d4 Nf6 2. Nc3 d5 3. Bf4 c5 4. e4 Nxe4 5. Nxe4 dxe4 6. dxc5 Qa5+ 7. c3 Qxc5 8. Qa4+ Nc6 9. Qxe4 Bf5 10. Qa4 e6 11.
Nf3 Be7 12. Be3 Qa5 13. Qxa5 Nxa5 14. Bb5+ Kf8 15. O-O-O a6 16. Be2 Nc6 17. Nd4 Nxd4 18. Bxd4 Be4 19. f3 Bd5 20. c4 Rc8 21. Kb1 Bc6 22.
Bc3 f6 23. Rd2 Kf7 24. Rhd1 Rhd8 25. Kc2 Rxd2+ 26. Rxd2 Rd8 27. Rxd8 Bxd8 28. b4 Bc7 29. h3 h5 30. b5 axb5 31. cxb5 Bd5 32. a4 e5 33. a5 Ke6 34. a6 bxa6 35. bxa6 Bb6 36. Bb5 f5 37. Kd2 g5 38. Ke2 g4 39. hxg4 hxg4 40.
fxg4 fxg4 41. g3 Bf3+ 42. Ke1 Kd5 43. Bd7 Kd6 44. Bc8 Kc7 45. Bf5 Bd4 46. Bxd4 exd4 47.
Kd2 Kb6 48. Bc8 Kc7 49. Be6 Kb6 50. Bc4 1-0

[Event "Early-Titled-Tuesday-Blitz-April-23-2024"]
[Site "Chess.com"]
[Date "2024.04.23"]
[Round "8"]
[White "whiteglovethief"]
[Black "NovakRatko"]
[Result "1-0"]
[WhiteElo "2573"]
[BlackElo "2383"]
[TimeControl "180+1"]
[EndTime "9:31:44 PDT"]
[Termination "whiteglovethief won on time"]

1. d4 d5 2. c4 c5 3. dxc5 d4 4.
Nf3 Nc6 5. e3 e5 6. exd4 exd4 7.
Bd3 Bxc5 8. O-O Nge7 9. a3 a5 10. Nbd2 Bg4 11. Ne4 b6 12. Bf4 f6 13. h3 Bh5 14.
Ng3 Bf7 15. Qc2 Ng6 16. Rfe1+ Nce7 17. Nh5 O-O 18. Bg3 Re8 19. Nf4 Nf8 20. Rad1 Qd7 21.
Qd2 a4 22. Bc2 Nf5 23. Rxe8 Bxe8 24. Nd5 Nxg3 25. fxg3 Bf7 26. Kh2 Bxd5 27. cxd5 Qxd5 28.
Nxd4 Rd8 29. Nf3 Qxd2 30. Rxd2 Rxd2 31. Nxd2 b5 32. Bd3 Bd4 33. Bxb5 Bxb2 34. Nc4 Bc1 35. Bxa4 Ne6 36. Bb3 Nc5 37. Bc2 g6 38. a4 Kf7 39.
a5 Ke6 40. Bd3 Nxd3 41. a6 1-0